 Dungeon Crawl Stone Soup version 0.31-a0-1424-g2add1c7226 (webtiles) character file.

Game seed: 5107941780978565477

4 SoakedWettersCrisps the Sneak (level 1, -4/1 HPs)
             Began as a Troll Brigand on Dec 26, 2023.
             Was a Follower of Wu Jian.
             Frozen to death by an endoplasm (5 damage)
             ... on level 1 of the Dungeon.
             The game lasted 00:09:31 (294 turns).

SoakedWettersCrisps the Sneak (Troll Brigand)        Turns: 294, Time: 00:09:31

Health: -4/1       AC:  3    Str: 18    XL:     1   Next: 58%
Magic:  0/0        EV:  9    Int:  7    God:    Wu Jian [*.....]
Gold:   57         SH:  0    Dex: 11    Spells: 0/0 levels left

rFire   . . .        f - +2 sling (heavy)
rCold   . . .        (no shield)
rNeg    . . .        b - melded +0 robe
rPois   .            (helmet restricted)
rElec   .            c - +0 cloak
rCorr   .            (gloves unavailable)
SInv    .            (boots unavailable)
Will    .....        (no amulet)
Stlth   ++           (no ring)
HPRegen 1.00/turn    (no ring)
MPRegen 0.07/turn

%: no passive effects
@: maw-form
A: devouring maw, reduced hp, large, unfitting armour, claws 3, regeneration 1,
shaggy fur 1, tough skin 1
a: Begin Untransformation, Renounce Religion


You were on level 1 of the Dungeon.
You worshipped Wu Jian.
Wu Jian was aware of your devotion.
You were a creature with a mouth for a stomach.
You visited 1 branch of the dungeon, and saw 1 of its levels.

You collected 57 gold pieces.

Inventory:

Hand Weapons
 a - a +2 dagger
 f - a +2 heavy sling (weapon)
 g - a +0 dagger
Missiles
 d - 9 poisoned darts
 e - 3 curare-tipped darts
 h - 7 stones
Armour
 b - a +0 robe (melded)
 c - a +0 cloak (worn)
 j - a +0 ring mail
Talismans
 i - a maw talisman (active)


   Skills:
 + Level 1.5 Fighting
 + Level 1.5 Short Blades
 + Level 0.2 Ranged Weapons
 + Level 1.7 Throwing
 + Level 0.7 Dodging
 + Level 2.3 Stealth


You couldn't memorise any spells.
You didn't know any spells.
Your spell library was empty.

Dungeon Overview and Level Annotations

Branches:
Dungeon (1/15)

Altars:
Wu Jian


Innate Abilities, Weirdness & Mutations

You are a creature with a mouth for a stomach.
Your midsection houses a second, enormous mouth.
Your maximum health is decreased, since you lack skill for your form.
You are too large for most types of armour.
You have claws for hands.
Your natural rate of healing is unusually fast.
You are covered in fur. (AC +1)
You have tough skin. (AC +1)


Message History

Found a faded altar of an unknown god.
You see here a +0 pair of gloves.
j - a +0 pair of gloves You can't wear gloves with your huge claws!
You drop 9 poisoned darts.
d - 9 poisoned darts You drop a +0 pair of gloves.
There is a shaft here.
There is a faded altar of an unknown god here.
This altar belongs to (a) Ru, (b) Ashenzari or (c) Wu Jian, but you can't tell which.
Press the corresponding letter to learn more about a god, or press enter to convert or escape to cancel.
Wu Jian accepts your prayer! The Council welcomes you!
You can now perform damaging attacks by moving towards foes.
You can now lightly attack monsters by moving around them.
There is a shaft here.
You see here a +0 pair of gloves.
Found a ring mail.
You see here a +0 ring mail.
An endoplasm comes into view.
You see here a +0 ring mail.
j - a +0 ring mail Your +0 robe is melded into your body!
Your +0 robe is melded into your body!
Found a short sword.
Fire: f) +2 sling (heavy)
Press: ? - help, Q - select action, (/) - cycle Shift-Dir - straight line, f - endoplasm
Aim: an endoplasm (asleep, 98% to hit)
You shoot a sling bullet. The sling bullet hits the endoplasm.
The endoplasm quivers.
The endoplasm is moderately wounded.
Fire: f) +2 sling (heavy)
Press: ? - help, Q - select action, (/) - cycle Shift-Dir - straight line, f/p - endoplasm
Aim: an endoplasm (moderately wounded, 84% to hit)
You shoot a sling bullet.
The sling bullet hits the endoplasm but does no damage.
The endoplasm is moderately wounded.
The endoplasm freezes you.
You are frozen.
Ouch! That really hurt!
You die...

.......###.#.......
.........###
#...#..###.##.####.
##.####.## #
#..........##.###.
#.# #.#
###.#.#.#####.##..
####.####.####
#.#.#.# #.. #..
#_^[..........
#.#.#.# ##.....#
####.###..####
#.#.#.###....#.#
#..# #.## #.#
........# #.## #.#
#.# ......JW#####.#
#.# #.#
..............# #.#
#.# .......########
#.# #.# #.....# #.#
#.#######..)# #.#
#.....# ##.# #.#
#####.# #. #####
#.# #.# # ...# #.#
#.# #.#### #.#####


You could see an endoplasm.

Vanquished Creatures
  2 quokkas (D:1)
  2 ball pythons (D:1)
  A frilled lizard (D:1)
5 creatures vanquished.

Notes
Turn   | Place    | Note
-------+----------+-------------------------------------------
     0 | D:1      | SoakedWettersCrisps the Troll Brigand began the quest for
                  | the Orb.
     0 | D:1      | Reached XP level 1. HP: 19/19 MP: 0/0
   258 | D:1      | Found a faded altar of an unknown god.
   270 | D:1      | Prayed at the altar of an unknown god.
   270 | D:1      | Became a worshipper of the Wu Jian Council
   270 | D:1      | Reached * piety under Wu Jian
   294 | D:1      | Frozen to death by an endoplasm

Illustrated notes

Levels and vault maps discovered:
D:1:      heliophobic_arrival_glass_houses, layout_loops_ring,
          hellmonk_ecumenical_altar_leap_of_faith

Action                     || total
---------------------------++-------
  Melee: Dagger            ||     9
   Fire: Sling             ||     7
    Use: Scroll            ||     2
 Armour: Robe              ||     5
  Dodge: Dodged            ||     2
   Form: Maw               ||     1

Table legend: (Time is in decaauts)
 A = Elapsed time spent in this place.
 B = Non-inter-level travel time spent in this place.
 C = Inter-level travel time spent in this place.
 D = Time resting spent in this place.
 E = Time spent auto-exploring this place.
 F = Levels seen in this place.
 G = Mean time per level.
                   A        B        C        D        E       F      G
               +--------+--------+--------+--------+--------+-----+--------+
         Total |    299 |     77 |    222 |      0 |      0 |   1 |  299.0 |
       Dungeon |    299 |     77 |    222 |      0 |      0 |   1 |  299.0 |
               +--------+--------+--------+--------+--------+-----+--------+

Top non-repeatable levels by time:
     D:1: 299 daAuts
